 Seeded DCSS version 0.28-a0-1117-g0bdd5ba030 (webtiles) character file.

Game seed: 16008875487339432128 (custom seed)

3753 croobank the Spear-Bearer (level 10, -1/59 HPs)
             Began as an Octopode Conjurer on Dec 11, 2021.
             Was an Elder of Qazlal.
             Succumbed to a hornet's poison
             ... on level 9 of the Dungeon.
             The game lasted 00:36:54 (9371 turns).

croobank the Spear-Bearer (Octopode Conjurer)       Turns: 9371, Time: 00:36:55

Health: -1/59      AC:  1    Str: 10    XL:     10   Next: 15%
Magic:  14/14      EV: 14    Int: 23    God:    Qazlal [****..]
Gold:   582        SH:  5    Dex: 19    Spells: 2/14 levels left

rFire   . . .      SeeInvis +   m - +5 spear "Siroguso" {protect, Fragile Fly Dex+7 Stlth+}
rCold   . . .      Faith    .   (no shield)
rNeg    . . .      Spirit   .   (helmet restricted)
rPois   .          Reflect  .   a - necklace of Bloodlust {*Rage Will++ Int-3 Slay+6}
rElec   .          Harm     .   q - ring of see invisible
rCorr   .          Rampage  .   e - +6 ring of intelligence
Will    ++...      Rage     50% (no ring)
Stlth   +++.......              (no ring)
HPRegen 0.19/turn               (no ring)
MPRegen 0.14/turn               (no ring)
                                (no ring)
                                (no ring)

@: lethally poisoned (-1 -> -25), on berserk cooldown, flying, slowed, repel
missiles, very slow
A: almost no armour, amphibious, 8 rings, camouflage 1, gelatinous body 1,
(nimble swimmer 1), tentacles
a: Renounce Religion, Upheaval, Elemental Force


You were on level 9 of the Dungeon.
You worshipped Qazlal.
Qazlal was greatly pleased with you.
You visited 1 branch of the dungeon, and saw 9 of its levels.
You also visited: Ossuary.

You collected 582 gold pieces.

Inventory:

Hand Weapons
 b - a +0 vorpal hunting sling
 m - the +5 spear "Siroguso" (weapon) {protect, Fragile Fly Dex+7 Stlth+}
   (You found it on level 6 of the Dungeon)

   It grants its wielder temporary protection when it strikes (+7 to AC).
   Dex:       It affects your dexterity (+7).
   Fly:       It grants you flight.
   Fragile:   It will be destroyed if unequipped.
   Stlth:     It makes you more stealthy.
 w - a +0 antimagic whip
 z - a +5 scimitar
 B - a +4 scimitar of holy wrath
Missiles
 g - 268 stones
 h - 40 sling bullets
 j - 4 throwing nets
Magical Staves
 t - a staff of conjuration
Jewellery
 a - the necklace of Bloodlust (around mantle) {*Rage Will++ Int-3 Slay+6}
   (You found it on level 7 of the Dungeon)

   [amulet of nothing]

   It extends the wearer's berserk rage when killing foes.
   Int:       It affects your intelligence (-3).
   Slay:      It affects your accuracy & damage with ranged weapons and melee
   (+6).
   *Rage:     It berserks you when you make melee attacks (+50% chance).
   Will:      It greatly increases your willpower.
 c - a ring of poison resistance
 e - a +6 ring of intelligence (right tentacle)
 f - an amulet of reflection
 q - a ring of see invisible (left tentacle)
Wands
 k - a wand of flame (8)
Scrolls
 d - 7 scrolls of identify {identify}
 i - 2 scrolls of blinking {blink}
 l - 3 scrolls of enchant weapon {enchant weapon, unknown}
 n - a scroll of summoning {summoning, unknown}
 p - 3 scrolls of fear {fear, unknown}
 v - 2 scrolls of teleportation {teleport, unknown}
 y - a scroll of magic mapping {magic mapping, unknown}
 A - a scroll of holy word {holy word, unknown}
Potions
 o - a potion of haste {haste, unknown}
 r - 3 potions of flight {flight, unknown}
 s - 3 potions of attraction {attraction, unknown}
 u - 2 potions of mutation {mutation, unknown}
 x - a potion of cancellation {cancellation, unknown}


   Skills:
 - Level 1.5 Fighting
 - Level 0.4(1.4) Short Blades
 - Level 2.2 Long Blades
 + Level 12.4 Polearms
 - Level 3.4 Dodging
 - Level 4.0 Stealth
 - Level 1.3 Shields
 - Level 2.9 Spellcasting
 - Level 4.8 Conjurations
 - Level 2.3 Hexes


You had 2 spell levels left.
You knew the following spells:

 Your Spells              Type           Power      Damage    Failure   Level
a - Magic Dart            Conj           100%       1d8       1%          1
b - Searing Ray           Conj           50%        2d6       2%          2
c - Dazzling Flash        Conj/Hex       38%        N/A       9%          3
d - Fulminant Prism       Conj/Hex       9%         3d7       26%         4
e - Ensorcelled Hibernat  Hex/Ice        16%        N/A       11%         2

Your spell library contained the following spells:

 Spells                   Type           Power      Damage    Failure   Level
 Sandblast                Erth           6%         2d5       12%         1
 Passwall                 Tmut/Erth      2%         N/A       19%         2
 Stone Arrow              Conj/Erth      28%        3d8       13%         3
 Confusing Touch          Hex            13%        N/A       14%         3
 Iskenderun's Mystic Bla  Conj/Tloc      14%        2d5       41%         4
 Freezing Cloud           Conj/Ice/Air   5%         6-21      86%         5
 Summon Mana Viper        Hex/Summ       8%         N/A       90%         5
 Simulacrum               Ice/Necr       1%         N/A       100%        6
 Polar Vortex             Ice            1%         N/A       100%        9


Dungeon Overview and Level Annotations

Branches:
Dungeon (9/15)             Temple (0/1) D:7         Ossuary (visited)
   Lair: D:8-11         Orc: D:9-12

Altars:
Qazlal
Wu Jian
The Shining One

Annotations:
D:3 2 transporters, Zonian's ghost, weakling DsNe
D:5 1 runed translucent door, mainiacjoe's ghost, novice OpDe


Innate Abilities, Weirdness & Mutations

You cannot wear most types of armour.
You are amphibious.
You can wear up to eight rings at the same time.
Your skin changes colour to match your surroundings (Stealth+).
Your rubbery body absorbs attacks. (AC +1, EV +1)
((You are camouflaged near water. (Stealth+)))
You have tentacles for arms and can constrict up to eight enemies at once.


Message History

Qazlal accepts your kill.
The hornet stings you but does no damage.
You feel very sick. The hornet stings you!
You are more poisoned.
You feel yourself slow down.
The orc wizard is engulfed in freezing vapours.
The orc wizard hits you but does no damage.
A kobold brigand comes into view.
It is wielding a +0 whip and quivering poisoned darts.
The hornet stings you but does no damage.
You feel very sick.
The orc wizard is engulfed in freezing vapours.
You kill the orc wizard!
Qazlal accepts your kill.
The orc warrior is engulfed in blazing flames.
The hornet stings you but does no damage.
You can move again.
You are too berserk!
You are too berserk!
You are too berserk!
You feel yourself speed up.
You are no longer berserk.
You are exhausted.
You feel yourself slow down.
You feel very sick. The hornet stings you!
* * * LOW HITPOINT WARNING * * *
You are more poisoned.
You feel as though you will be slow longer.
Things that are here:
a +0 short sword; a bullfrog corpse Blink to where?
Press: ? - help, Dir - move target Are you sure you want to cancel this blink? [Y]es or [N]o only, please.
Are you sure you want to cancel this blink?
Blink to where?
Press: ? - help, Dir - move target
As you read the scroll labelled YNADIL ZOJOH {blink}, it crumbles to dust.
It was a scroll of blinking {blink}.
You die...

.....# ....#
#...# #...#
#...# #...#
#...# #...#
#@..# .. #.)☼#
....
#..§###...#
#..)yo°oK.#
#...oKoK..#
......○.......#
..###..#####..#
#..# .# #..# #


You could see a hornet, an orc warrior, an orc priest, an orc and a kobold.

Vanquished Creatures
  Maggie (D:8)
  The ghost of fragbeetle the Ruffian, an amateur DrTm (D:4)
  A wyvern (D:8)
  Eustachio (D:5)
  A yak (D:5)
  Edmund (D:4)
  3 water moccasins
  An ice beast (D:6)
  A black bear (D:7)
  An orc warrior (D:9)
  2 phantoms
  An elf zombie (Ossuary)
  Blork the orc (D:5)
  A gnoll sergeant (D:7)
  2 bullfrogs
  A wyvern zombie (D:7)
  2 scorpions (D:5)
  A water moccasin skeleton (D:5)
  4 wights
  7 howler monkeys
  A bullfrog zombie (D:5)
  5 centaur skeletons
  An orc priest (D:9)
  A gnoll shaman (D:7)
  Jessica (D:3)
  2 bullfrog skeletons
  9 orc wizards
  3 iguanas
  A hound zombie (D:5)
  A hound skeleton (D:5)
  2 mummies (Ossuary)
  8 gnolls (D:7)
  A howler monkey zombie (D:5)
  8 adders
  An adder skeleton (D:5)
  2 worms (D:3)
  4 dart slugs
  26 orcs
  3 endoplasms
  A giant cockroach (D:4)
  3 gnoll zombies (Ossuary)
  5 goblins
  8 hobgoblins
  4 jackals (D:2)
  3 quokkas
  8 ball pythons
  6 bats
  4 frilled lizards
  5 goblin zombies (Ossuary)
  10 kobolds
  5 orc zombies (Ossuary)
  9 rats
185 creatures vanquished.

Vanquished Creatures (others)
  A fulminant prism (D:6)
1 creature vanquished.

Grand Total: 186 creatures vanquished

Notes
Turn   | Place    | Note
-------+----------+-------------------------------------------
     0 | D:1      | croobank the Octopode Conjurer began the quest for the Orb.
     0 | D:1      | Reached XP level 1. HP: 11/11 MP: 3/3
   308 | D:1      | Reached XP level 2. HP: 12/17 MP: 5/5
   601 | D:1      | Noticed a shining eye
   603 | D:1      | Found a faded altar of an unknown god.
   605 | D:1      | Noticed a golden eye
   605 | D:1      | Noticed an eye of devastation
   605 | D:1      | Noticed an eye of devastation
   625 | D:1      | Prayed at the altar of an unknown god.
   625 | D:1      | Became a worshipper of Qazlal Stormbringer
   625 | D:1      | Reached * piety under Qazlal
  1112 | D:2      | Reached XP level 3. HP: 13/21 MP: 6/6
  1696 | D:2      | Learned a level 2 spell: Searing Ray
  1700 | D:2      | Learned a level 3 spell: Dazzling Flash
  2153 | D:2      | Reached XP level 4. HP: 20/27 MP: 4/7
  2154 | D:2      | Reached ** piety under Qazlal
  3078 | D:3      | Found an ornate altar of the Wu Jian Council.
  3429 | D:3      | Noticed Jessica
  3433 | D:3      | Killed Jessica
  3434 | D:3      | Reached XP level 5. HP: 28/32 MP: 8/8
  3604 | D:3      | Found a transporter.
  3604 | D:3      | Noticed Zonian's ghost (weakling DsNe)
  3663 | D:3      | Found a transporter.
  3977 | D:4      | Found a sand-covered staircase.
  3987 | Ossuary  | Entered an ossuary
  4093 | Ossuary  | Reached skill level 1 in Long Blades
  4093 | Ossuary  | Reached skill level 1 in Hexes
  4095 | Ossuary  | Reached XP level 6. HP: 29/37 MP: 2/10
  4340 | D:4      | Learned a level 4 spell: Fulminant Prism
  4438 | D:5      | Entered Level 5 of the Dungeon
  4630 | D:6      | Identified the +5 spear "Siroguso" {protect, Fragile Fly
                  | Dex+7 Stlth+}
  4660 | D:5      | Reached *** piety under Qazlal
  4661 | D:5      | Reached skill level 1 in Fighting
  4759 | D:4      | Noticed Edmund
  4774 | D:4      | Killed Edmund
  4775 | D:4      | Reached skill level 1 in Polearms
  4775 | D:4      | Reached skill level 1 in Shields
  4775 | D:4      | Reached XP level 7. HP: 13/43 MP: 4/11
  5268 | D:4      | Reached skill level 2 in Polearms
  5401 | D:4      | Found a runed translucent door.
  5402 | D:4      | Noticed fragbeetle's ghost (amateur DrTm)
  5486 | D:4      | Reached skill level 3 in Polearms
  5973 | D:4      | Killed fragbeetle's ghost
  5974 | D:4      | Reached skill level 4 in Polearms
  6021 | D:5      | Reached skill level 5 in Polearms
  6021 | D:5      | Reached XP level 8. HP: 48/48 MP: 12/12
  6317 | D:5      | Noticed Eustachio
  6327 | D:5      | Killed Eustachio
  6328 | D:5      | Reached skill level 6 in Polearms
  6385 | D:5      | Found a glowing golden altar of the Shining One.
  6584 | D:5      | Noticed Blork the orc
  6592 | D:5      | Killed Blork the orc
  6753 | D:5      | Noticed a yak
  6770 | D:5      | Reached skill level 7 in Polearms
  6842 | D:5      | Reached skill level 8 in Polearms
  6855 | D:5      | Killed a yak
  6856 | D:5      | Reached XP level 9. HP: 42/53 MP: 13/13
  7066 | D:5      | Found a runed translucent door.
  7067 | D:5      | Noticed mainiacjoe's ghost (novice OpDe)
  7088 | D:6      | Reached skill level 9 in Polearms
  7906 | D:7      | Reached skill level 10 in Polearms
  8076 | D:7      | Reached **** piety under Qazlal
  8248 | D:7      | Found the necklace of Bloodlust {*Rage Will++ Int-3 Slay+6}
  8566 | D:7      | Got the Disquisition on Malediction
  8570 | D:7      | Learned a level 2 spell: Ensorcelled Hibernation
  8606 | D:7      | Found a staircase to the Ecumenical Temple.
  8614 | D:7      | Reached skill level 11 in Polearms
  8934 | D:8      | Noticed Maggie
  8952 | D:8      | Killed Maggie
  8953 | D:8      | Reached XP level 10. HP: 38/59 MP: 14/14
  9147 | D:8      | Reached skill level 12 in Polearms
  9366 | D:9      | Paralysed by a hornet for 3 turns
  9371 | D:9      | Succumbed to a hornet's poison

Illustrated notes

Levels and vault maps discovered:
D:1:      heliophobic_arrival_henge, layout_basic,
          hellmonk_ecumenical_altar_watching_god
D:2:      layout_basic
D:3:      minmay_inner_zag, layout_basic, nzn_wu_jian_council_hall,
          gammafunk_ghost_stat_death, kennysheep_jessica_study, uniq_jessica
D:4:      layout_loops_corners, hellmonk_ghost_happy_afterlife,
          lightli_ossuary_entry_decrepit_ruins, uniq_edmund
D:5:      minmay_clustersquares, layout_loops_ring, tso_metal_star,
          gammafunk_ghost_grave, uniq_blork_the_orc, uniq_eustachio
D:6:      layout_basic
D:7:      layout_loops_ring, minmay_temple_entry_glassed_door
D:8:      erik_cavepeople, layout_layer_cave, uniq_grum, uniq_maggie
D:9:      layout_long_grid, okawaru_ov_weapons_minmay, lemuel_doored_altar,
          david_lair_generic, minmay_orc_entry_temple_small

Skill      XL: |  1  2  3  4  5  6  7  8  9 10 |
---------------+-------------------------------+-----
Stealth        | 3 4 |  4.0
Dodging        | 3 |  3.4
Long Blades    | 1 2 |  2.2
Hexes          | 1 2 |  2.3
Fighting       | 1 |  1.5
Polearms       | 1 5 8 11 12 | 12.4
Shields        | 1 |  1.3
Short Blades   | |  0.4
Spellcasting   | |  2.9
Conjurations   | |  4.8

Action                   |  1- 3 |  4- 6 |  7- 9 | 10-12 || total
-------------------------+-------+-------+-------+-------++-------
Melee: Dagger            |    79 |    24 |       |       ||   103
       Unarmed           |    11 |       |       |       ||    11
       Constrict         |    24 |    22 |    55 |     5 ||   106
       Tentacles         |    13 |    18 |    65 |     1 ||    97
       Falchion          |       |    75 |       |       ||    75
       Spear             |       |     9 |   253 |    29 ||   291
 Cast: Magic Dart        |    24 |    47 |    33 |       ||   104
       Searing Ray       |       |     5 |     8 |       ||    13
       Fulminant Prism   |       |       |     1 |       ||     1
  Use: Scroll            |     1 |     2 |     1 |     1 ||     5
       Potion            |     1 |     2 |     1 |       ||     4
 Stab: Sleeping          |     3 |       |       |       ||     3
Armor: Skin              |     9 |     8 |    32 |     7 ||    56
Dodge: Dodged            |    53 |    52 |    94 |    11 ||   210
       Repelled          |       |       |       |     1 ||     1
Block: Other             |    17 |    41 |    67 |     2 ||   127
       Reflection        |       |     2 |     2 |       ||     4

Table legend: (Time is in decaauts)
 A = Elapsed time spent in this place.
 B = Non-inter-level travel time spent in this place.
 C = Inter-level travel time spent in this place.
 D = Time resting spent in this place.
 E = Time spent auto-exploring this place.
 F = Levels seen in this place.
 G = Mean time per level.
                   A        B        C        D        E       F      G
               +--------+--------+--------+--------+--------+-----+--------+
         Total |   9340 |   9103 |    237 |   1836 |   5709 |  10 |  934.0 |
       Dungeon |   9019 |   8782 |    237 |   1710 |   5619 |   9 | 1002.1 |
       Ossuary |    320 |    320 |      0 |    126 |     90 |   1 |  320.0 |
               +--------+--------+--------+--------+--------+-----+--------+

Top non-repeatable levels by time:
     D:4: 1488 daAuts
     D:2: 1438 daAuts
     D:3: 1419 daAuts
     D:5: 1267 daAuts
     D:1: 1089 daAuts
     D:6: 992 daAuts
     D:7: 886 daAuts
     D:8: 416 daAuts
 Ossuary: 320 daAuts
     D:9: 21 daAuts
